 Dungeon Crawl Stone Soup version 0.29.0-4-gdea44cf6ec (webtiles) character file.

Game seed: 5763565322376831292

61 qw the Chopper (level 4, -2/26 HPs)
             Began as a Tengu Warper on Aug 29, 2022.
             Slain by a worm (5 damage)
             ... on level 3 of the Dungeon.
             The game lasted 00:01:21 (2050 turns).

qw the Chopper (Tengu Warper)                       Turns: 2050, Time: 00:01:22

Health: -2/26      AC:  8    Str: 18    XL:     4   Next: 7%
Magic:  8/8        EV:  7    Int: 12    God:
Gold:   137        SH:  0    Dex: 12    Spells: 7/7 levels left

rFire   . . .      SeeInvis .   Y - +2 hand axe (flame)
rCold   . . .      Faith    .   (no shield)
rNeg    . . .      Spirit   .   h - +0 chain mail
rPois   +          Reflect  .   (helmet restricted)
rElec   .          Harm     .   (no cloak)
rCorr   .          Rampage  .   (no gloves)
Will    .....      Rage     3%  (boots unavailable)
Stlth   ..........              (no amulet)
HPRegen 0.08/turn               (no ring)
MPRegen 0.11/turn               (no ring)

@: unable to drink
A: beak, talons 3, berserk 1, poison resistance, strong 1, inability to drink
after injury 1
a: no special abilities


You were on level 3 of the Dungeon.
You visited 1 branch of the dungeon, and saw 3 of its levels.

You collected 137 gold pieces.


Innate Abilities, Weirdness & Mutations

You have a beak for a mouth.
You have claws for feet.
You sometimes lose your temper in combat.
Your system is resistant to poisons. (rPois)
Your muscles are strong. (Str +4, Int/Dex -1)
You occasionally lose the ability to drink potions when taking damage.


   Skills:
 - Level 2.0 Fighting
 + Level 4.6 Axes
 - Level 1.0 Throwing
 - Level 1.1 Armour
 - Level 2.1 Dodging
 - Level 2.0 Spellcasting
 - Level 2.4 Translocations


You had 7 spell levels left.
You didn't know any spells.
Your spell library contained the following spells:

 Spells                   Type           Power      Damage    Failure   Level
 Blink                    Tloc           12%        N/A       93%         2
 Gell's Gravitas          Tloc           6%         N/A       99%         3
 Lesser Beckoning         Tloc           6%         N/A       99%         3
 Teleport Other           Tloc           6%         N/A       99%         3
 Manifold Assault         Tloc           6%         N/A       100%        5

Inventory:

Hand Weapons
 Y - a +2 hand axe of flaming (weapon)
Armour
 h - a +0 chain mail (worn)
Scrolls
 a - a scroll of identify
Potions
 b - a potion of heal wounds {unknown}
 d - a potion of curing {unknown}
 e - a potion of attraction {unknown}
 i - a potion of invisibility {unknown}

Dungeon Overview and Level Annotations

Branches:
Dungeon (3/15)

Altars:


Message History

The orc shouts!
You hear a shout!
An adder comes into view.
The orc moves out of view.
Enter note:
2034 ||| Stepping ~*~*~tactically~*~*~ (hiding).
You start waiting.
An orc is nearby!
You hit the orc. You burn the orc. Your kick misses the orc.
The orc is severely wounded.
The orc hits you but does no damage.
You barely miss the orc. Your kick misses the orc. Your peck misses the orc.
The orc is severely wounded.
The orc hits you but does no damage.
You hit the orc. You burn the orc.
You kill the orc!
An orc priest and an orc wizard come into view.
The orc wizard shouts!
The orc hits you but does no damage.
The orc wizard moves out of view.
Things that are here:
a +0 short sword; a +0 ring mail You barely miss the orc.
The adder hisses angrily.
The orc hits you with a +0 trident.
The orc priest miscasts a cantrip.
You slash the orc! You burn the orc.
You kill the orc!
The orc priest mumbles some strange prayers to Beogh against you.
Beogh smites you!
2047 ||| Stepping ~*~*~tactically~*~*~ (hiding).
You hit the worm. You burn the worm.
The worm is lightly wounded.
You hit the worm. You burn the worm. You claw the worm.
The worm is heavily wounded.
The worm bites you.
You feel threatened and lose the ability to drink potions!
You hit the worm but do no damage. You peck the worm.
The worm is severely wounded.
You hit the adder. You burn the adder.
The adder bites you but does no damage. x2; The worm bites you.
You die...

### .. .. #.##
..^o####...##
...o'.oo....#.#
#wS.....#
#@#.##### #.# #
#.# #+# #.# #.#
#.# ######.##
#.#
#.......######.#
#.###..........#
#.##.....#######


You could see a worm, an orc priest, an orc wizard and an adder.

Vanquished Creatures
  An adder (D:2)
  A worm (D:2)
  3 dart slugs
  3 orcs (D:3)
  An endoplasm (D:1)
  2 giant cockroaches
  2 goblins (D:1)
  4 hobgoblins
  3 jackals (D:1)
  6 ball pythons
  A bat (D:1)
  3 frilled lizards
  5 kobolds
  5 rats
40 creatures vanquished.

Notes
Turn   | Place    | Note
-------+----------+-------------------------------------------
     0 | D:1      | qw the Tengu Warper began the quest for the Orb.
     0 | D:1      | Reached XP level 1. HP: 12/12 MP: 4/4
     0 | D:1      | 0 ||| qw: Version: 0.1-a-89-g26bdef1
     0 | D:1      | 0 ||| qw: Game counter: 3618
     0 | D:1      | 0 ||| qw: Always use a shield: true
     0 | D:1      | 0 ||| qw: God list: Okawaru
     0 | D:1      | 0 ||| qw: Allow faded altars: false
     0 | D:1      | 0 ||| qw: Do Orc after D:15 true
     0 | D:1      | 0 ||| qw: Do second Lair branch before Depths: true
     0 | D:1      | 0 ||| qw: Lair rune preference: random
     0 | D:1      | 0 ||| qw: Plans: Normal
     0 | D:1      | 0 ||| PLANNING D:1-11
    30 | D:1      | 30 ||| Stepping ~*~*~tactically~*~*~ (hiding).
   166 | D:1      | Reached skill level 3 in Axes
   166 | D:1      | Reached XP level 2. HP: 12/17 MP: 6/6
   588 | D:1      | 588 ||| Stepping ~*~*~tactically~*~*~ (stealth).
   915 | D:1      | Reached XP level 3. HP: 21/21 MP: 7/7
  1226 | D:1      | 1226 ||| UPGRADING to +0 chain mail.
  1236 | D:1      | 1236 ||| DROPPING +0 leather armour.
  1237 | D:1      | 1237 ||| READING 2 scrolls labelled TORCHA QIOPHOCU.
  1238 | D:1      | 1238 ||| DRINKING 2 amethyst potions.
  1238 | D:1      | Gained mutation: Your flesh is heat resistant. (rF+)
                  | [potion of mutation]
  1238 | D:1      | Gained mutation: You sometimes lose your temper in combat.
                  | [potion of mutation]
  1238 | D:1      | Gained mutation: You have a pair of small antennae on your
                  | head. [potion of mutation]
  1239 | D:1      | 1239 ||| DRINKING potion of mutation.
  1239 | D:1      | Lost mutation: Your flesh is heat resistant. (rF+) [potion
                  | of mutation]
  1239 | D:1      | Lost mutation: You have a pair of small antennae on your
                  | head. [potion of mutation]
  1239 | D:1      | Gained mutation: Your spells are a little harder to cast,
                  | but a little more powerful. [potion of mutation]
  1239 | D:1      | Gained mutation: Your flesh is cold resistant. (rC+)
                  | [potion of mutation]
  1239 | D:1      | Gained mutation: You are partially covered in iridescent
                  | scales. (AC +2) [potion of mutation]
  1240 | D:1      | 1240 ||| DROPPING scroll of blinking.
  1272 | D:2      | Reached skill level 4 in Axes
  1681 | D:2      | 1681 ||| DRINKING potion of mutation.
  1681 | D:2      | Lost mutation: Your flesh is cold resistant. (rC+) [potion
                  | of mutation]
  1681 | D:2      | Lost mutation: Your spells are a little harder to cast, but
                  | a little more powerful. [potion of mutation]
  1681 | D:2      | Lost mutation: You are partially covered in iridescent
                  | scales. (AC +2) [potion of mutation]
  1681 | D:2      | Gained mutation: You occasionally lose the ability to drink
                  | potions when taking damage. [potion of mutation]
  1681 | D:2      | Gained mutation: Your muscles are strong. (Str +4, Int/Dex
                  | -1) [potion of mutation]
  1681 | D:2      | Gained mutation: Your system is resistant to poisons.
                  | (rPois) [potion of mutation]
  1685 | D:2      | Found a faded altar of an unknown god.
  1957 | D:2      | 1957 ||| DROPPING ring of magical power.
  1958 | D:2      | 1958 ||| READING scroll labelled ZEGHEJ COUXTI.
  1959 | D:2      | 1959 ||| READING scroll labelled DOTUKL TUTAX.
  1960 | D:2      | 1960 ||| READING scroll labelled PIXULA GIRAJE.
  1961 | D:2      | 1961 ||| READING scroll labelled IFUMNU ZONUUKH.
  1962 | D:2      | 1962 ||| DROPPING +0 whip.
  1963 | D:2      | 1963 ||| READING scroll labelled DIYHONL YRUE.
  1987 | D:3      | 1987 ||| READING scroll of enchant weapon.
  1987 | D:3      | 1987 ||| ENCHANTING +1 hand axe of flaming.
  2005 | D:3      | Reached XP level 4. HP: 26/26 MP: 8/8
  2034 | D:3      | 2034 ||| Stepping ~*~*~tactically~*~*~ (hiding).
  2047 | D:3      | 2047 ||| Stepping ~*~*~tactically~*~*~ (hiding).
  2049 | D:3      | HP: 3/26 [worm (6)]
  2050 | D:3      | Slain by a worm

Levels and vault maps discovered:
D:1:      lemuel_arrival_lava_pool, layout_loops_ring, dk_noncrumbling_3,
          minmay_tromino_v7
D:2:      layout_loops_ring, hellmonk_ecumenical_altar_heavens_door
D:3:      layout_loops_corners, uniq_crazy_yiuf_cottage, uniq_grinder

Skill      XL: |  1  2  3 |
---------------+----------+-----
Axes           | 3 4 |  4.6
Fighting       | |  2.0
Throwing       | |  1.0
Armour         | |  1.1
Dodging        | |  2.1
Spellcasting   | |  2.0
Translocations | |  2.4

Action                   |  1- 3 |  4- 6 || total
-------------------------+-------+-------++-------
Melee: Hand axe          |    81 |     8 ||    89
       Kick              |    16 |     1 ||    17
       Peck              |    11 |     1 ||    12
       Punch             |     2 |       ||     2
Throw: Boomerang         |     7 |       ||     7
  Use: Scroll            |     7 |       ||     7
       Potion            |     3 |       ||     3
Armor: Leather armour    |    10 |       ||    10
       Chain mail        |    17 |     5 ||    22
Dodge: Dodged            |    28 |       ||    28

Table legend:
 A = Non-vault XP
 B = Vault XP
 C = Vault XP percentage of total XP
 D = Non-vault monster count
 E = Vault monster count
 F = Vault count percentage of total count
                 A         B        C        D         E       F
            +---------+---------+-------+---------+---------+-------
      Total |      82 |       6 |   6.8 |      37 |       3 |   7.5
            +---------+---------+-------+---------+---------+-------
        D:1 |      37 |       6 |  14.0 |      22 |       3 |  12.0
        D:2 |      36 |       0 |   0.0 |      12 |       0 |   0.0
        D:3 |       9 |       0 |   0.0 |       3 |       0 |   0.0
            +---------+---------+-------+---------+---------+-------
